 Dungeon Crawl Stone Soup version 0.31.0-11-ge490571c62 (webtiles) character file.

Game seed: 7658092365349979202

2758 ragingrage the Grappler (level 8, 0/68 HPs)
             Began as a Ghoul Enchanter on Feb 3, 2024.
             Was a Follower of Ru.
             Slain by Jeremiah the manticore (5 damage)
             ... on level 8 of the Dungeon.
             The game lasted 00:09:10 (8319 turns).

ragingrage the Grappler (Ghoul Enchanter)           Turns: 8319, Time: 00:09:11

Health: 0/68       AC:  6    Str: 16    XL:     8   Next: 69%
Magic:  10/10      EV: 11    Int: 14    God:    Ru [*.....]
Gold:   172        SH:  0    Dex:  9    Spells: 10/10 levels left

rFire   . .          .
                       - Unarmed
rCold   + . .        (no shield)
rNeg    + + +        C - +3 leather armour {rN+}
rPois   ∞            (no helmet)
rElec   .            (no cloak)
rCorr   .            (no gloves)
SInv    .            (no boots)
Will    .....        i - amulet of magic regeneration
Stlth   ++           (no ring)
HPRegen 0.00/turn    (no ring)
MPRegen 0.52/turn

%: no passive effects
@: inhibited regen, hasted, invisible, very quick
A: claws 1, cold resistance 1, negative energy resistance 3, inhibited
regeneration, torment resistance 2, inexperienced 1, devour on kill
a: Renounce Religion


You were on level 8 of the Dungeon.
You worshipped Ru.
Ru was aware of your devotion.
You visited 2 branches of the dungeon, and saw 10 of its levels.

You collected 342 gold pieces.
You spent 170 gold pieces at shops.

Inventory:

Hand Weapons
 a - a +0 sling
 e - a +1 dagger
Missiles
 d - 9 boomerangs (quivered)
 m - 6 silver javelins
 y - 5 poisoned darts
Armour
 k - a +0 scale mail of fire resistance
 C - a +3 leather armour of positive energy (worn)
Jewellery
 i - an amulet of magic regeneration (around neck)
 l - a ring of fire
Wands
 u - a wand of polymorph (12)
 w - a wand of charming (18)
 B - a wand of iceblast (18)
Scrolls
 g - 3 scrolls of teleportation
 h - a scroll of enchant weapon {unknown}
 j - 2 scrolls of vulnerability
 o - 2 scrolls of poison
 p - a scroll of fear {unknown}
 r - a scroll of noise {unknown}
 t - a scroll of revelation {unknown}
 x - 2 scrolls of fog {unknown}
 z - a scroll of immolation {unknown}
Potions
 b - a potion of haste
 c - a potion of invisibility
 n - 2 potions of resistance
 q - 2 potions of curing
 s - a potion of heal wounds {unknown}
 v - 3 potions of ambrosia
 A - a potion of enlightenment


   Skills:
 - Level 5.0 Fighting
 - Level 0.8 Short Blades
 - Level 2.0 Throwing
 - Level 1.7 Dodging
 - Level 3.2 Stealth
 + Level 11.9 Unarmed Combat
 - Level 1.7 Spellcasting
 - Level 2.4 Hexes
 + Level 3.7 Evocations


You had 10 spell levels left.
You didn't know any spells.
Your spell library contained the following spells:

 Spells                   Type           Power      Damage    Failure   Level
 Ensorcelled Hibernation  Hex/Ice        8%         N/A       28%         2
 Shock                    Conj/Air       4%         1d3       30%         1
 Confusing Touch          Hex            7%         N/A       32%         3
 Tukima's Dance           Hex            7%         N/A       32%         3
 Cigotuvi's Dreadful Rot  Necr/Alch/Air  2%         N/A       41%         2
 Dazzling Flash           Conj/Hex       8%         N/A       50%         3
 Stone Arrow              Conj/Erth      2%         3d7       65%         3
 Summon Ice Beast         Ice/Summ       1%         N/A       65%         3
 Swiftness                Air            1%         N/A       65%         3
 Airstrike                Air            0%         2d(1-17)  96%         4
 Animate Armour           Summ/Erth      2%         N/A       96%         4
 Ignite Poison            Fire/Alch      1%         N/A       96%         4
 Summon Mana Viper        Hex/Summ       4%         N/A       99%         5
 Freezing Cloud           Conj/Ice/Air   0%         6-21      100%        5
 Conjure Ball Lightning   Conj/Air       0%         3x3d6     100%        6
 Monstrous Menagerie      Summ           0%         N/A       100%        7
 Discord                  Hex            3%         N/A       100%        8
 Disjunction              Tloc           0%         N/A       100%        8
 Lehudib's Crystal Spear  Conj/Erth      0%         10d2      100%        8


Dungeon Overview and Level Annotations

Branches:
Dungeon (9/15)             Temple (1/1) D:6
   Lair: D:8-11         Orc: D:9-12

Altars:
Ashenzari
Cheibriados
Dithmenos
Fedhas
Gozag
Hepliaklqana
Kikubaaqudgha
Makhleb
Nemelex Xobeh
Qazlal
Ru
Sif Muna
Trog
Uskayaw
Vehumet
Wu Jian
Yredelemnul

Shops:
D:8 [

Portals:
Abyss: D:4

Annotations:
D:2 exclusion: downstairs
D:4 1 transporter, ojifijod's ghost, amateur OpMo
D:8 Jeremiah


Innate Abilities, Weirdness & Mutations

You are immune to poison.
You have sharp fingernails.
Your flesh is cold resistant. (rC+)
You are immune to negative energy. (rN+++)
You do not regenerate when monsters are visible.
You are immune to unholy pain and torment.
You are somewhat inexperienced. (-1 XL)
You thrive by killing the living.


Message History

Jeremiah closely misses you.
You scratch Jeremiah but do no damage.
Jeremiah is moderately wounded.
Jeremiah hits you with a +2 trident of draining!
You closely miss Jeremiah.
Jeremiah is moderately wounded.
Jeremiah hits you with a +2 trident of draining.
Okay, then.
Aiming: Polymorph
Press: ? - help, Shift-Dir - straight line, f - Jeremiah
Aim: Jeremiah, wielding a +2 trident of draining, wearing a +0 robe and wearing an orb of guile (lightly wounded, will become a queen bee, a manticore, or a tengu, chance to affect: 75%) Jeremiah evaporates and reforms as a manticore!
The butterfly disappears in a burst of colours!
You barely miss Jeremiah.
Jeremiah is moderately wounded.
Jeremiah bites you! Jeremiah claws you! x2
* * * LOW HITPOINT WARNING * * *
It was a potion of haste.
You feel yourself speed up. Jeremiah barely misses you.
Jeremiah closely misses you. Jeremiah claws you!
* * * LOW HITPOINT WARNING * * *
You feel better. Jeremiah closely misses you.
Jeremiah claws you but does no damage. Jeremiah claws you.
* * * LOW HITPOINT WARNING * * *
You fade into invisibility!
You catch Jeremiah completely off-guard!
You scratch Jeremiah.
Jeremiah is moderately wounded.
Jeremiah closely misses you. Jeremiah claws you.
* * * LOW HITPOINT WARNING * * *
Jeremiah misses you.
You barely miss Jeremiah.
Jeremiah is moderately wounded.
You scratch Jeremiah.
Jeremiah is moderately wounded.
Jeremiah bites you.
* * * LOW HITPOINT WARNING * * *
Jeremiah claws you.
* * * LOW HITPOINT WARNING * * *
Jeremiah claws you.
You die...

...#######.#
#F......##.....z####
.>.[.##....### ###
#...z..<...
.....)>......#
#.......#.#
...#####.....#
#........ # .†.#
#.....# .......###
##.# #####..#
#######
#.####.'∩#..#####
#......###..[).H#
###############@#
#.# #.#
#[############
#b#..........#
#.#.########.#
#.#.#<.......#
#b#.#..###########
#.#.#..# #.......#


You could see Jeremiah the manticore (unable to see you).

Vanquished Creatures
  Sigmund (D:3)
  A wyvern (D:8)
  Menkaure (D:6)
  An ice beast (D:6)
  A black bear (D:6)
  An orc warrior (D:7)
  3 phantoms
  2 bullfrogs
  A gnoll sergeant (D:7)
  4 scorpions
  6 wights
  5 killer bees (D:8)
  A bombardier beetle (D:3)
  5 hounds
  2 jellies
  4 orc priests
  A gnoll bouda (D:6)
  Jessica (D:2)
  Terence (D:2)
  A sleepcap (D:5)
  4 orc wizards
  3 iguanas
  5 gnolls
  6 adders
  A shadow imp (D:6)
  A white imp (D:7)
  2 dart slugs
  2 ribbon worms (D:2)
  20 orcs
  5 ball pythons
  6 endoplasms
  2 giant cockroaches (D:2)
  6 goblins
  6 hobgoblins
  7 jackals
  A quokka (D:1)
  4 bats
  2 frilled lizards (D:1)
  3 kobolds
  6 rats
135 creatures vanquished.

Vanquished Creatures (collateral kills)
  An orc wizard (D:6)
  2 orcs (D:6)
3 creatures vanquished.

Vanquished Creatures (others)
  A human (D:4)
1 creature vanquished.

Grand Total: 139 creatures vanquished

Notes
Turn   | Place    | Note
-------+----------+-------------------------------------------
     0 | D:1      | ragingrage the Ghoul Enchanter began the quest for the Orb.
     0 | D:1      | Reached XP level 1. HP: 14/14 MP: 3/3
   207 | D:1      | Reached skill level 1 in Unarmed Combat
   225 | D:1      | Reached XP level 2. HP: 14/20 MP: 4/4
   276 | D:1      | You fall into a shaft and drop 1 floor!
   318 | D:1      | Reached skill level 2 in Unarmed Combat
   630 | D:1      | Reached XP level 3. HP: 23/26 MP: 5/5
   754 | D:1      | Reached skill level 3 in Unarmed Combat
   923 | D:2      | Noticed Jessica
   928 | D:2      | Killed Jessica
   947 | D:2      | Reached skill level 4 in Unarmed Combat
   947 | D:2      | Reached XP level 4. HP: 27/33 MP: 6/6
  1090 | D:2      | Noticed Terence
  1342 | D:2      | Killed Terence
  1489 | D:2      | Found a faded altar of an unknown god.
  2258 | D:3      | Noticed Sigmund
  2411 | D:3      | Reached XP level 5. HP: 38/38 MP: 7/7
  2576 | D:3      | Killed Sigmund
  2577 | D:3      | Reached skill level 6 in Unarmed Combat
  2577 | D:3      | Reached XP level 6. HP: 24/48 MP: 8/8
  3168 | D:4      | Reached XP level 7. HP: 54/57 MP: 9/9
  3183 | D:4      | Found a transporter.
  3192 | D:4      | Reached skill level 7 in Unarmed Combat
  3253 | D:4      | Found a one-way gate to the infinite horrors of the Abyss.
  3253 | D:4      | Noticed ojifijod's ghost (amateur OpMo)
  3402 | D:4      | Found an ancient bone altar of Kikubaaqudgha.
  3402 | D:4      | Noticed a human
  3405 | D:4      | Killed a human
  3602 | D:5      | Entered Level 5 of the Dungeon
  3888 | D:5      | Reached skill level 1 in Throwing
  3999 | D:5      | Reached skill level 8 in Unarmed Combat
  3999 | D:5      | Reached XP level 8. HP: 59/66 MP: 10/10
  4366 | D:5      | Found a shadowy altar of Dithmenos.
  4648 | D:6      | Reached skill level 9 in Unarmed Combat
  4911 | D:6      | Reached skill level 10 in Unarmed Combat
  5176 | D:6      | Found a staircase to the Ecumenical Temple.
  5185 | Temple   | Entered the Ecumenical Temple
  5204 | Temple   | Became a worshipper of Ru the Awakened
  5433 | D:6      | Noticed Menkaure
  5472 | D:6      | Killed Menkaure
  5473 | D:6      | Reached skill level 11 in Unarmed Combat
  5473 | D:6      | Reached XP level 9. HP: 57/71 MP: 11/11
  5588 | D:6      | Reached skill level 1 in Evocations
  6192 | D:7      | Found a radiant altar of Vehumet.
  6193 | D:7      | Found a bloodstained altar of Trog.
  6194 | D:7      | Found a stormy altar of Qazlal.
  6707 | D:7      | Gained mutation: You are somewhat inexperienced. (-1 XL)
                  | [Ru sacrifice]
  6707 | D:7      | Reached XP level 8. HP: 67/67 MP: 10/10
  6707 | D:7      | Reached * piety under Ru
  6891 | D:7      | Reached skill level 5 in Fighting
  7978 | D:8      | Found Luheli's Antique Armour Shoppe.
  8198 | D:8      | Bought a glowing leather armour for 170 gold pieces
  8276 | D:8      | Noticed Jeremiah
  8276 | D:8      | Noticed an angel
  8312 | D:8      | Jeremiah changed into Jeremiah the manticore
  8312 | D:8      | Noticed Jeremiah
  8319 | D:8      | Slain by Jeremiah the manticore

Illustrated notes

Levels and vault maps discovered:
D:1:      lightli_arrival_noodles, layout_basic
D:2:      layout_basic, ebering_ecumenical_altar_petrified, minmay_pentomino_w2,
          uniq_terence, uniq_jessica
D:3:      layout_loops_corners, uniq_sigmund
D:4:      layout_rooms, tgw_kikubaaqudgha, gammafunk_ghost_abyssal_escape
D:5:      layout_basic, nicolae_dithmenos_the_darkroom
D:6:      layout_basic, minmay_temple_entry_trees, uniq_menkaure
D:7:      layout_layer_cave, minitemple, dk_vineyard_1
D:8:      layout_basic, grunt_temple_overflow_order_and_chaos_1, serial_shops,
          nicolae_shop_tiny_glass, minmay_increasing_density, uniq_jeremiah
D:9:      layout_cross, mainiacjoe_overflow_alcove_4, serial_rivers,
          chequers_serial_rivers_micro_c, chequers_serial_rivers_small_a,
          chequers_serial_rivers_marsh, chequers_serial_rivers_micro_a,
          chequers_serial_rivers_room_a, kennysheep_doodads
Temple:   nicolae_temple_figure_eight

Skill      XL: |  1  2  3  4  5  6  7  8  9 |
---------------+----------------------------+-----
Unarmed Combat | 1 2 4 6 8 11 | 11.9
Fighting       | 2 3 4 5 |  5.0
Throwing       | 1 2 |  2.0
Evocations     | 3 2 |  3.7
Short Blades   | |  0.8
Dodging        | |  1.7
Stealth        | |  3.2
Spellcasting   | |  1.7
Hexes          | |  2.4

Action                     |  1- 3 |  4- 6 |  7- 9 || total
---------------------------+-------+-------+-------++-------
  Melee: Unarmed           |    82 |   118 |   328 ||   528
         Punch             |     1 |     3 |    15 ||    19
   Fire: Sling             |     2 |       |       ||     2
  Throw: Boomerang         |     5 |    10 |    20 ||    35
 Invoke: Sacrifice Experie |       |       |     1 ||     1
  Evoke: Wand              |       |       |     2 ||     2
    Use: Potion            |       |     4 |     3 ||     7
         Scroll            |       |       |     7 ||     7
   Stab: Sleeping          |     4 |       |       ||     4
         Invisible         |       |       |     1 ||     1
 Armour: Robe              |    39 |    18 |       ||    57
         Scale mail        |       |    49 |   221 ||   270
         Leather armour    |       |       |    15 ||    15
  Dodge: Dodged            |    36 |    49 |   140 ||   225
